[Event "Czech Youth U10 Boys 2024"]
[Site "Kouty nad Desnou"]
[Date "2024.03.16"]
[Round "9.2"]
[White "Zelenka, Tomas"]
[Black "Trejbal, Jindrich"]
[Result "1-0"]
[ECO "A40"]
[WhiteElo "1566"]
[BlackElo "1947"]
[Annotator "NA RC"]
[PlyCount "103"]
[EventDate "2024.03.10"]
[EventType "swiss"]
[EventCountry "CZE"]
[SourceTitle "playchess.com"]
[Source "ChessBase"]
[SourceQuality "1"]
[TimeControl "40/5400+30:1800+30"]

1. d4 e6 2. c4 b6 3. Nc3 Bb7 4. Nf3 Nf6 5. Bg5 Be7 6. e3 d5 7. Bd3 h6 {[%emt 0:03:25] E12: Queen's Indian: Unusual White 4th moves, 4 a3, 4 Nc3 Bb7 5 a3 and 4 Nc3 Bb7 .} 8. Bf4 Bd6 9. Bxd6 Qxd6 10. Qc2 Nc6 11. a3 a6 12. O-O O-O 13. b4 Rfe8 14. c5 Qe7 15. cxb6 cxb6 16. b5 axb5 17. Bxb5 Rec8 18. Qb2 Ba6 19. Bxc6 Rxc6 20. Rfc1 Nd7 21. Rc2 Rac8 22. Rac1 Qd6 23. a4 Qc7 24. Ne1 Bc4 25. Nb5 Qb7 $11 26. Na3 Qa6 27. Nxc4 Rxc4 28. Rxc4 Rxc4 29. Rxc4 Qxc4 30. Qb5 Qxb5 31. axb5 e5 32. Nd3 exd4 33. exd4 Kf8 34. Kf1 Ke7 35. Ke2 Kd6 36. f3 Nf8 37. Nb4 Ne6 38. Nc2 Nc7 39. Na3 g6 40. Ke3 Ke6 41. Kf4 f5 42. Kg3 g5 43. f4 gxf4+ 44. Kxf4 Kf6 45. Kg3 Kg5 46. h4+ Kh5 47. Kh3 Ne6 48. Nc2 Nf4+ 49. Kg3 Ng6 50. Ne3 f4+ 51. Kh3 fxe3 52. g4# 1-0

[Event "Czech Youth U10 Boys 2024"]
[Site "Kouty nad Desnou"]
[Date "2024.03.16"]
[Round "9.4"]
[White "Vydra, David"]
[Black "Skoloud, Josef"]
[Result "1-0"]
[ECO "C48"]
[WhiteElo "1583"]
[BlackElo "1564"]
[Annotator "NA RC"]
[PlyCount "71"]
[EventDate "2024.03.10"]
[EventType "swiss"]
[EventCountry "CZE"]
[SourceTitle "playchess.com"]
[Source "ChessBase"]
[SourceQuality "1"]
[TimeControl "40/5400+30:1800+30"]

1. e4 e5 2. Nf3 Nc6 3. Nc3 Nf6 4. Bb5 Nd4 5. Bc4 Bc5 6. d3 d6 7. h3 Qe7 8. Bg5 h6 9. Bxf6 Qxf6 10. Nd5 Qd8 11. Nxd4 Bxd4 12. c3 Bb6 13. a4 c6 14. Nb4 Qf6 15. O-O Be6 16. Bxe6 Qxe6 17. a5 Bc5 18. Nc2 a6 19. b4 Ba7 20. d4 exd4 21. cxd4 O-O 22. Re1 Qf6 23. Ra3 c5 24. bxc5 dxc5 25. Rf3 Qd8 26. d5 Qxa5 27. Rg3 Bb8 28. e5 b5 29. Qg4 g6 30. Qf5 Qd8 31. Rxg6+ fxg6 32. Qxg6+ Kh8 33. Qxh6+ Kg8 34. Re4 Bxe5 35. Rg4+ Kf7 36. Qe6# 1-0

[Event "Czech Youth U10 Boys 2024"]
[Site "Kouty nad Desnou"]
[Date "2024.03.16"]
[Round "9.5"]
[White "Strihavka, Petr"]
[Black "Hlavacek, Pavel"]
[Result "0-1"]
[ECO "B19"]
[WhiteElo "1447"]
[BlackElo "1945"]
[Annotator "RC"]
[PlyCount "56"]
[EventDate "2024.03.10"]
[EventType "swiss"]
[EventCountry "CZE"]
[SourceTitle "playchess.com"]
[Source "ChessBase"]
[SourceQuality "1"]
[TimeControl "40/5400+30:1800+30"]

1. e4 c6 2. d4 d5 3. Nc3 dxe4 4. Nxe4 Bf5 5. Ng3 Bg6 6. h4 h6 7. Nf3 Nd7 8. h5 Bh7 9. Be3 Ngf6 10. Qd2 e6 11. Bd3 Bxd3 12. Qxd3 Be7 13. O-O-O O-O 14. Kb1 Rc8 15. Rh3 c5 16. Ne4 Qb6 17. Ne5 Rfd8 18. Nxd7 Rxd7 19. Nxf6+ Bxf6 20. c3 cxd4 21. cxd4 Rcd8 22. Qc3 Bxd4 23. Bxd4 Rxd4 24. Rxd4 Rxd4 25. Rg3 e5 26. Re3 Qe6 27. g3 Qf5+ 28. Qc2 Rd1# 0-1

[Event "Czech Youth U10 Boys 2024"]
[Site "Kouty nad Desnou"]
[Date "2024.03.16"]
[Round "9.6"]
[White "Lutskiy, Mikhail"]
[Black "Menkov, Ivan"]
[Result "1-0"]
[ECO "C50"]
[WhiteElo "1676"]
[BlackElo "1524"]
[Annotator "NA RC"]
[PlyCount "59"]
[EventDate "2024.03.10"]
[EventType "swiss"]
[EventCountry "CZE"]
[SourceTitle "playchess.com"]
[Source "ChessBase"]
[SourceQuality "1"]
[TimeControl "40/5400+30:1800+30"]

1. e4 e5 2. Nf3 Nc6 3. Bc4 Nf6 4. d3 Bc5 5. c3 d6 6. O-O a6 7. Re1 Ba7 8. h3 O-O 9. Bb3 Be6 10. Nbd2 Qd7 11. Nf1 Bxh3 12. gxh3 Qxh3 13. Be3 Qg4+ 14. Kh1 Ne7 15. N1h2 Qh5 16. Rg1 d5 17. exd5 Nexd5 18. Bxd5 Nxd5 19. Bxa7 Rxa7 20. Ng5 Qh4 21. Qg4 Qxf2 22. Ne4 Qxg1+ 23. Rxg1 g6 24. c4 Nb4 25. Nf6+ Kg7 26. Qh4 Nxd3 27. Nh5+ Kg8 28. Qf6 Nf2+ 29. Kg2 Ng4 30. Qg7# 1-0

[Event "Czech Youth U10 Boys 2024"]
[Site "Kouty nad Desnou"]
[Date "2024.03.16"]
[Round "9.10"]
[White "Vratny, Vojtech"]
[Black "Kobersky, Matyas"]
[Result "1-0"]
[ECO "A06"]
[WhiteElo "1566"]
[BlackElo "1405"]
[Annotator "NA RC"]
[PlyCount "133"]
[EventDate "2024.03.10"]
[EventType "swiss"]
[EventCountry "CZE"]
[SourceTitle "playchess.com"]
[Source "ChessBase"]
[SourceQuality "1"]
[TimeControl "40/5400+30:1800+30"]

1. Nf3 d5 2. g3 Nc6 3. d4 Nf6 4. Bg2 Bf5 5. O-O e6 6. Bg5 Be7 7. Re1 O-O 8. Nh4 Bg4 9. Nf3 Bf5 10. Qc1 Qd7 11. c4 dxc4 12. Qxc4 Qd5 13. Qxd5 exd5 14. Nc3 h6 15. Bxf6 Bxf6 16. Nxd5 Bxd4 17. Nxc7 Bxb2 18. Nxa8 Bxa1 19. Rxa1 Rxa8 20. Rd1 Be6 21. a3 Rc8 22. Rd3 Bc4 23. Re3 Rd8 24. Ne5 Nxe5 25. Rxe5 Rd7 26. Bf3 Be6 27. Kg2 g5 28. e3 Kg7 29. Rb5 b6 30. a4 Rd3 31. a5 bxa5 32. Rxa5 Rd7 33. h3 Kg6 34. Be4+ f5 35. Bc6 Rc7 36. Bd5 Bxd5+ 37. Rxd5 Rc6 38. Ra5 Rc7 39. Ra6+ Kg7 40. Kf3 h5 41. Ra5 Kf6 42. e4 fxe4+ 43. Kxe4 Re7+ 44. Kf3 Rf7 45. Kg2 Kg6 46. g4 h4 47. Ra6+ Kg7 48. Ra2 Kg6 49. f3 Re7 50. Kf2 Kf7 51. Ra5 Kf6 52. Rf5+ Kg6 53. f4 gxf4 54. Rxf4 Rf7 55. Rxf7 Kxf7 56. Ke3 Kf6 57. Kd4 Kg5 58. Kc5 Kf4 59. Kb5 Kg3 60. g5 Kxh3 61. g6 Kg2 62. g7 h3 63. g8=Q+ Kh2 64. Qa2+ Kh1 65. Qf2 a6+ 66. Ka5 h2 67. Qf1# 1-0

[Event "Czech Youth U10 Boys 2024"]
[Site "Kouty nad Desnou"]
[Date "2024.03.16"]
[Round "9.11"]
[White "Fadrny, Jonas"]
[Black "Hroch, Pavel"]
[Result "1-0"]
[ECO "C30"]
[WhiteElo "1600"]
[BlackElo "1495"]
[Annotator "NA"]
[PlyCount "51"]
[EventDate "2024.03.10"]
[EventType "swiss"]
[EventCountry "CZE"]
[SourceTitle "playchess.com"]
[Source "ChessBase"]
[SourceQuality "1"]
[TimeControl "40/5400+30:1800+30"]

1. e4 e5 2. f4 d6 3. Nf3 Nc6 4. Bc4 Nf6 5. Nc3 Nxe4 6. Bxf7+ Kxf7 7. Nxe4 Be7 8. fxe5 dxe5 9. O-O Rf8 10. Nxe5+ Kg8 11. Rxf8+ Bxf8 12. Nxc6 bxc6 13. d3 Bf5 14. Ng3 Qd4+ 15. Kh1 Bg4 16. Qe1 Bc5 17. Bd2 Rf8 18. Bc3 Qf2 19. Qxf2 Rxf2 20. Ne4 Rf5 21. Nxc5 Rxc5 22. d4 Rg5 23. Rf1 Bf5 24. Bb4 h6 25. c3 Be4 26. Rf2 1-0